R+ - U24
ERWIN MOUNTAINEERS @ FAYETTEVILLE FROGS
09/05/2052
 
TOP OF THE 1ST
Rocky Mountain Vibes batting - Pitching for Calgary Cannons : RHP Zachary Walters
Pitching: RHP Zachary Walters
Batting: SHB Bill Green 0-0: Called Strike
0-1: Foul Ball, location: 2F
0-2: Ball
1-2: Ball
2-2: Reached on error, E6 (Groundball, 56D, EV 78.8 MPH)
Batting: RHB Vic Marchesani 0-0: Foul Ball, location: 2F
0-1: Called Strike
0-2: Strikes out swinging
Batting: LHB Richard Kiel 0-0: Called Strike
0-1: Ball
1-1: Swinging Strike
1-2: Strikes out swinging
Batting: RHB Christian Bales 0-0: Ball
1-0: Ball
2-0: Ball
3-0: Base on Balls
Batting: RHB Lorenzo Ramos 0-0: Foul Ball, location: 2F
0-1: Foul Ball, location: 2F
0-2: Strikes out swinging
Top of the 1st over - 0 runs, 0 hits, 1 error, 2 left on base; Rocky Mountain 0 - Calgary 0
BOTTOM OF THE 1ST
Calgary Cannons batting - Pitching for Rocky Mountain Vibes : RHP Josiah Castillo
Pitching: RHP Josiah Castillo
Batting: LHB C.J. Sark 0-0: Ball
1-0: Ball
2-0: Called Strike
2-1: Ball
3-1: Swinging Strike
3-2: Foul Ball, location: 2F
3-2: Strikes out swinging
Batting: SHB Pedro Zambrano 0-0: Foul Ball, location: 2F
0-1: Ball
1-1: Foul Ball, location: 2F
1-2: Ball
2-2: Ball
3-2: Base on Balls
Batting: RHB Vismel Valdez 0-0: Ball
1-0: Fly out, F8 (Line Drive, 8LM, EV 90.0 MPH)
Batting: RHB Tippy Yoo 0-0: Fly out, F9 (Line Drive, 9, EV 89.4 MPH)
Bottom of the 1st over - 0 runs, 0 hits, 0 errors, 1 left on base; Rocky Mountain 0 - Calgary 0
TOP OF THE 2ND
Rocky Mountain Vibes batting - Pitching for Calgary Cannons : RHP Zachary Walters
Batting: RHB Emerson Olalde 0-0: Ball
1-0: Ball
2-0: Ball
3-0: Called Strike
3-1: Ground out 6-3 (Groundball, 56, EV 78.1 MPH)
Batting: RHB Isaac Yates 0-0: Ball
1-0: Fly out, F8 (Flyball, 89D, EV 96.9 MPH)
Batting: RHB Cesar Garcia 0-0: Foul Ball, location: 2F
0-1: Ground out 3-1 (Groundball, 34S, EV 85.6 MPH)
Top of the 2nd over - 0 runs, 0 hits, 0 errors, 0 left on base; Rocky Mountain 0 - Calgary 0
BOTTOM OF THE 2ND
Calgary Cannons batting - Pitching for Rocky Mountain Vibes : RHP Josiah Castillo
Batting: SHB Miguel De La Rosa 0-0: Called Strike
0-1: Called Strike
0-2: Strikes out swinging
Batting: RHB D.J. Sedberry 0-0: Called Strike
0-1: Foul Ball, location: 2F
0-2: Ball
1-2: Ball
2-2: Foul Ball, location: 2F
2-2: Fly out, F2 (Popup, 2R, EV 91.9 MPH)
Batting: RHB Rafael Espaillat 0-0: Called Strike
0-1: Ball
1-1: Foul Ball, location: 2F
1-2: Ball
2-2: Fly out, F8 (Flyball, 8RM, EV 87.5 MPH)
Bottom of the 2nd over - 0 runs, 0 hits, 0 errors, 0 left on base; Rocky Mountain 0 - Calgary 0
TOP OF THE 3RD
Rocky Mountain Vibes batting - Pitching for Calgary Cannons : RHP Zachary Walters
Batting: RHB Palmer Wilson 0-0: Swinging Strike
0-1: Ground out 4-3 (Groundball, 4, EV 84.4 MPH)
Batting: SHB Bill Green 0-0: Ground out 1-3 (Groundball, 15, EV 76.2 MPH)
Batting: RHB Vic Marchesani 0-0: Reached on error, E6 (Flyball, 56D, EV 75.0 MPH)
Batting: LHB Richard Kiel 0-0: Called Strike
0-1: Swinging Strike
0-2: Hit by Pitch
Vic Marchesani to second
Batting: RHB Christian Bales 0-0: Called Strike
0-1: Fielders Choice at 2nd, 6-4 (Groundball, 6, EV 85.6 MPH)
Top of the 3rd over - 0 runs, 0 hits, 1 error, 2 left on base; Rocky Mountain 0 - Calgary 0
BOTTOM OF THE 3RD
Calgary Cannons batting - Pitching for Rocky Mountain Vibes : RHP Josiah Castillo
Batting: RHB Tomas Acosta 0-0: Ball
1-0: Ground out 6-3 (Groundball, 6, EV 88.1 MPH)
Batting: RHB Kraig Morinville 0-0: Hit by Pitch
Batting: LHB C.J. Sark 0-0: Ball
1-0: Foul Ball, location: 2F
1-1: Ball
2-1: Foul Ball, location: 2F
2-2: Foul Ball, location: 2F
2-2: Fielders Choice at 2nd, 4-6 (Groundball, 4, EV 89.4 MPH)
Batting: SHB Pedro Zambrano 0-0: Ball
1-0: Called Strike
1-1: Ball
2-1: Hit by Pitch
C.J. Sark to second
Batting: RHB Vismel Valdez 0-0: Ball
1-0: Ball
2-0: Ball
3-0: Called Strike
3-1: Foul Ball, location: 2F
3-2: Base on Balls
C.J. Sark to third
Pedro Zambrano to second
Batting: RHB Tippy Yoo 0-0: Called Strike
0-1: Fly out, F9 (Line Drive, 9, EV 96.2 MPH)
Bottom of the 3rd over - 0 runs, 0 hits, 0 errors, 3 left on base; Rocky Mountain 0 - Calgary 0
TOP OF THE 4TH
Rocky Mountain Vibes batting - Pitching for Calgary Cannons : RHP Zachary Walters
Batting: RHB Lorenzo Ramos 0-0: Called Strike
0-1: Ball
1-1: Ball
2-1: Ground out 6-3 (Groundball, 6M, EV 85.6 MPH)
Batting: RHB Emerson Olalde 0-0: Swinging Strike
0-1: Foul Ball, location: 2F
0-2: Ball
1-2: Hit by Pitch
Batting: RHB Isaac Yates 0-0: Ball
1-0: Swinging Strike
1-1: Ball
2-1: Ball
3-1: Called Strike
3-2: Fly out, F9 (Flyball, 9, EV 98.1 MPH)
Batting: RHB Cesar Garcia 0-0: Ball
1-0: Called Strike
1-1: Foul Ball, location: 2F
1-2: Ball
2-2: Foul Ball, location: 2F
2-2: Foul Ball, location: 2F
2-2: Fly out, F9 (Flyball, 89D, EV 90.0 MPH)
Top of the 4th over - 0 runs, 0 hits, 0 errors, 1 left on base; Rocky Mountain 0 - Calgary 0
BOTTOM OF THE 4TH
Calgary Cannons batting - Pitching for Rocky Mountain Vibes : RHP Josiah Castillo
Batting: SHB Miguel De La Rosa 0-0: Ball
1-0: Ball
2-0: Called Strike
2-1: Foul Ball, location: 2F
2-2: Ball
3-2: Foul Ball, location: 2F
3-2: Fly out, F7 (Flyball, 7LS, EV 90.0 MPH)
Batting: RHB D.J. Sedberry 0-0: Ball
1-0: Foul Ball, location: 2F
1-1: Ball
2-1: Ground out 4-3 (Groundball, 4, EV 88.8 MPH)
Batting: RHB Rafael Espaillat 0-0: Called Strike
0-1: Ball
1-1: Called Strike
1-2: Ground out 4-3 (Groundball, 4, EV 84.4 MPH)
Bottom of the 4th over - 0 runs, 0 hits, 0 errors, 0 left on base; Rocky Mountain 0 - Calgary 0
TOP OF THE 5TH
Rocky Mountain Vibes batting - Pitching for Calgary Cannons : RHP Zachary Walters
Batting: RHB Palmer Wilson 0-0: Ball
1-0: Reached via error on a dropped throw from 3B, E3 (Groundball, 25, EV 86.2 MPH)
Batting: SHB Bill Green 0-0: Bunted foul
0-1: Reached on error, E5 (Groundball, 5S, EV 43.8 MPH)
Palmer Wilson to second
Batting: RHB Vic Marchesani 0-0: Sac Bunt to 23 - play at first, batter OUT! 3-4
Palmer Wilson to third
Bill Green to second
Batting: LHB Richard Kiel 0-0: Ball
1-0: Ball
2-0: Foul Ball, location: 2F
2-1: Called Strike
2-2: Foul Ball, location: 2F
2-2: SINGLE (Groundball, 6MD, EV 95.0 MPH)
Palmer Wilson scores
Bill Green to third
Runner from 3rd tries for Home, SAFE, throw by CF to home
Richard Kiel to second
Batting: RHB Christian Bales 0-0: Ball
1-0: Ball
2-0: Foul Ball, location: 2F
2-1: SINGLE (Groundball, 6D, EV 103.1 MPH)
Richard Kiel to third
Runner from 3rd tries for Home, SAFE, throw by CF to home
Batting: RHB Lorenzo Ramos 0-0: Ball
1-0: Foul Ball, location: 2F
1-1: Fielders Choice at 2nd, 5-4 (Groundball, 56, EV 88.1 MPH)
Batting: RHB Emerson Olalde 0-0: Called Strike
0-1: Ball
1-1: Ball
2-1: Ball
3-1: Base on Balls
Lorenzo Ramos to second
Batting: RHB Isaac Yates 0-0: Called Strike
0-1: SINGLE (Line Drive, 78S, EV 98.1 MPH)
Lorenzo Ramos to third
Emerson Olalde to second
Runner from 3rd tries for Home, SAFE, throw by LF to home
Batting: RHB Cesar Garcia 0-0: Called Strike
0-1: Ball
1-1: Fly out, F9 (Flyball, 9S, EV 78.1 MPH)
Top of the 5th over - 4 runs, 3 hits, 2 errors, 2 left on base; Rocky Mountain 4 - Calgary 0
BOTTOM OF THE 5TH
Calgary Cannons batting - Pitching for Rocky Mountain Vibes : RHP Josiah Castillo
Now at SS: Felicidad Solano
Batting: RHB Tomas Acosta 0-0: SINGLE (Line Drive, 7, EV 91.9 MPH)
Batting: RHB Kraig Morinville 0-0: Called Strike
0-1: Called Strike
0-2: Ball
1-2: DOUBLE (Line Drive, 8RXD, EV 106.2 MPH)
Tomas Acosta to third
Pitching: LHP Andre Staley
Batting: LHB C.J. Sark 0-0: SINGLE (Groundball, 13S, EV 61.9 MPH) (infield hit)
Batting: SHB Pedro Zambrano 0-0: Called Strike
0-1: Foul Ball, location: 2F
0-2: Ball
1-2: Ball
2-2: Foul Ball, location: 2F
2-2: Strikes out swinging
Batting: RHB Vismel Valdez 0-0: Called Strike
0-1: Foul Ball, location: 2F
0-2: Ball
1-2: Strikes out swinging
Batting: RHB Tippy Yoo 0-0: Foul Ball, location: 2F
0-1: Ball
1-1: Foul Ball, location: 2F
1-2: SINGLE (Line Drive, 78M, EV 90.6 MPH)
Tomas Acosta scores
Kraig Morinville to third
C.J. Sark to second
Batting: SHB Miguel De La Rosa 0-0: Fly out, F8 (Line Drive, 8LD, EV 110.6 MPH)
Bottom of the 5th over - 1 run, 4 hits, 0 errors, 3 left on base; Rocky Mountain 4 - Calgary 1
TOP OF THE 6TH
Rocky Mountain Vibes batting - Pitching for Calgary Cannons : RHP Zachary Walters
Batting: RHB Palmer Wilson 0-0: Ball
1-0: Swinging Strike
1-1: Foul Ball, location: 2F
1-2: Ball
2-2: SINGLE (Flyball, 6D, EV 94.4 MPH)
Batting: SHB Bill Green 0-0: Bunted foul
0-1: Sac Bunt to 13 - play at first, batter OUT! 1-4
Palmer Wilson to second
Pitching: RHP Giovanni Veillette
Batting: RHB Vic Marchesani 0-0: Called Strike
0-1: Ball
1-1: Ball
2-1: Foul Ball, location: 2F
2-2: Foul Ball, location: 2F
2-2: SINGLE (Flyball, 89S, EV 91.2 MPH)
Palmer Wilson to third
Batting: LHB Richard Kiel 0-0: Grounds into double play, 4-6-3 (Groundball, 4, EV 102.5 MPH)
Top of the 6th over - 0 runs, 2 hits, 0 errors, 1 left on base; Rocky Mountain 4 - Calgary 1
BOTTOM OF THE 6TH
Calgary Cannons batting - Pitching for Rocky Mountain Vibes : LHP Andre Staley
Batting: RHB D.J. Sedberry 0-0: Ball
1-0: Called Strike
1-1: Ball
2-1: Foul Ball, location: 2F
2-2: Ball
3-2: Base on Balls
Batting: RHB Rafael Espaillat 0-0: Ball
1-0: Called Strike
1-1: Ball
2-1: Fly out, F6 (Popup, 6S, EV 82.5 MPH)
Batting: RHB Tomas Acosta 0-0: Fielders Choice at 2nd, 5-4 (Groundball, 56, EV 86.9 MPH)
Batting: RHB Kraig Morinville 0-0: Called Strike
0-1: Ground out 4-3 (Groundball, 4, EV 90.0 MPH)
Bottom of the 6th over - 0 runs, 0 hits, 0 errors, 1 left on base; Rocky Mountain 4 - Calgary 1
TOP OF THE 7TH
Rocky Mountain Vibes batting - Pitching for Calgary Cannons : RHP Giovanni Veillette
Batting: RHB Felicidad Solano 0-0: Called Strike
0-1: Swinging Strike
0-2: Foul Ball, location: 2F
0-2: Ball
1-2: Strikes out swinging
Batting: RHB Lorenzo Ramos 0-0: Ball
1-0: SINGLE (Line Drive, 4D, EV 103.1 MPH)
Batting: RHB Emerson Olalde 0-0: Called Strike
Lorenzo Ramos is caught stealing 2nd base 2-4
0-1: Called Strike
0-2: Ball
1-2: Strikes out swinging
Top of the 7th over - 0 runs, 1 hit, 0 errors, 0 left on base; Rocky Mountain 4 - Calgary 1
BOTTOM OF THE 7TH
Calgary Cannons batting - Pitching for Rocky Mountain Vibes : LHP Andre Staley
Batting: LHB C.J. Sark 0-0: Fly out, F9 (Flyball, 9, EV 94.4 MPH)
Batting: SHB Pedro Zambrano 0-0: Called Strike
0-1: Foul Ball, location: 2F
0-2: Foul Ball, location: 2F
0-2: Ball
1-2: Strikes out looking
Batting: RHB Vismel Valdez 0-0: Ball
1-0: Ball
2-0: Ball
3-0: Called Strike
3-1: Swinging Strike
3-2: Strikes out swinging
Bottom of the 7th over - 0 runs, 0 hits, 0 errors, 0 left on base; Rocky Mountain 4 - Calgary 1
TOP OF THE 8TH
Rocky Mountain Vibes batting - Pitching for Calgary Cannons : RHP Giovanni Veillette
Batting: RHB Isaac Yates 0-0: Called Strike
0-1: Called Strike
0-2: Strikes out swinging
Batting: RHB Cesar Garcia 0-0: Called Strike
0-1: Called Strike
0-2: Fly out, F2 (Popup, 2LF, EV 95.6 MPH)
Batting: RHB Palmer Wilson 0-0: Swinging Strike
0-1: Ball
1-1: Ball
2-1: Called Strike
2-2: Strikes out swinging
Top of the 8th over - 0 runs, 0 hits, 0 errors, 0 left on base; Rocky Mountain 4 - Calgary 1
BOTTOM OF THE 8TH
Calgary Cannons batting - Pitching for Rocky Mountain Vibes : LHP Andre Staley
Batting: RHB Tippy Yoo 0-0: Ball
1-0: Called Strike
1-1: Ball
2-1: Foul Ball, location: 2F
2-2: Strikes out looking
Batting: SHB Miguel De La Rosa 0-0: Fly out, F8 (Flyball, 8RM, EV 84.4 MPH)
Batting: RHB D.J. Sedberry 0-0: Swinging Strike
0-1: Called Strike
0-2: Ball
1-2: Ground out U3 (Groundball, 3L, EV 83.1 MPH)
Bottom of the 8th over - 0 runs, 0 hits, 0 errors, 0 left on base; Rocky Mountain 4 - Calgary 1
TOP OF THE 9TH
Rocky Mountain Vibes batting - Pitching for Calgary Cannons : RHP Giovanni Veillette
Batting: SHB Bill Green 0-0: Ball
1-0: Ball
2-0: Called Strike
2-1: Ball
3-1: Called Strike
3-2: Foul Ball, location: 2F
3-2: Base on Balls
Pitching: RHP Thomas Atencio
Batting: RHB Vic Marchesani 0-0: Bunted foul
0-1: Ball
1-1: Sac Bunt to 13 - play at first, batter OUT! 1-4
Bill Green to second
Batting: LHB Richard Kiel 0-0: Called Strike
0-1: Ball
1-1: Foul Ball, location: 2F
1-2: Ball
2-2: Foul Ball, location: 2F
2-2: Strikes out swinging
Batting: RHB Felicidad Solano 0-0: Foul Ball, location: 2F
0-1: Foul Ball, location: 2F
0-2: Ball
1-2: Foul Ball, location: 2F
1-2: Foul Ball, location: 2F
1-2: Fly out, F7 (Line Drive, 7, EV 96.9 MPH)
Top of the 9th over - 0 runs, 0 hits, 0 errors, 1 left on base; Rocky Mountain 4 - Calgary 1
BOTTOM OF THE 9TH
Calgary Cannons batting - Pitching for Rocky Mountain Vibes : LHP Andre Staley
Pitching: RHP Hernan Alatorre
Batting: RHB Rafael Espaillat 0-0: Ball
1-0: Fly out, F9 (Flyball, 9, EV 88.1 MPH)
Batting: RHB Tomas Acosta 0-0: Fly out, F2 (Popup, 2RF, EV 97.5 MPH)
Batting: RHB Kraig Morinville 0-0: Ball
1-0: Ball
2-0: Ball
3-0: Base on Balls
Batting: LHB C.J. Sark 0-0: Fly out, F9 (Flyball, 9LS, EV 86.2 MPH)
Bottom of the 9th over - 0 runs, 0 hits, 0 errors, 1 left on base; Rocky Mountain 4 - Calgary 1
Monday, May 6th , 2024 - OOTP Baseball 24.11 Build 85